AoeStats
← zack

Highland

505659318Analyzed
4v4 RM · 2mo ago on Sep 10, 2026· 62m 44s· 8 players
Game mode
Random Map
Map size
Large (8 player)
Population
200
Speed
Normal
Resources
Standard
Victory
Conquest
Starting age
Dark Age
Ending age
Imperial Age
RankedLock teamsTeams togetherTeam positionsShared explorationLock speedFull tech treeHidden civsTurbo modeCheats
Victory
Defeat
🇭🇺 Armenians · Hungary
1165
+14
🇨🇳 Persians · China
1153
+15
🇩🇪 Franks · Germany
1134
+15
🇨🇳 Byzantines · China
1106
+17
vs
🇦🇷 Burgundians · Argentina
1140
-16
🇹🇼 Italians · Taiwan
1131
-16
🇨🇳 Vikings · China
1122
-15
🇭🇰 Spanish · Hong Kong SAR China
1098
-14
wilsonso35
7:00 Loom
11:43 Feudal Age
12:58 Wheelbarrow
12:11 Double-Bit Axe
12:24 Horse Collar
12:37 Gold Mining
19:57 Castle Age
17:59 Fishing Lines
18:20 Stone Mining
20:56 Hand Cart
20:54 Bow Saw
20:54 Heavy Plow
21:12 Town Watch
22:08 Stone Shaft Mining
23:22 Scale Barding Armor
24:25 Husbandry
25:00 Bloodlines
25:12 Chain Barding Armor
24:56 Demolition Ship
25:59 Caravan
27:29 Padded Archer Armor
32:28 Imperial Age
30:21 Leather Archer Armor
31:39 Ballistics
31:33 Forging
32:38 Town Patrol
34:12 Chemistry
33:46 Ring Archer Armor
34:41 Two-Man Saw
34:19 Conscription
35:02 Plate Barding Armor
34:56 Cavalier
36:19 Iron Casting
37:17 Masonry
37:05 Elite Conquistador
39:45 Arrowslits
42:07 Architecture
42:46 Fortified Wall
46:11 Blast Furnace
45:02 Fletching
47:35 Thumb Ring
53:29 Elite Cannon Galleon
明仔
10:53 Feudal Age
17:02 Castle Age
15:42 Horse Collar
17:17 Loom
18:02 Stone Mining
18:23 Double-Bit Axe
20:45 Bow Saw
22:00 Gold Mining
23:03 Wheelbarrow
24:17 Two-Man Saw
24:06 Husbandry
23:26 Cavalier
27:26 Fletching
29:27 Heavy Plow
30:37 Murder Holes
31:03 Ballistics
32:07 Hand Cart
32:00 Scale Barding Armor
36:17 Imperial Age
37:14 Fortified Wall
38:05 Chemistry
37:53 Crop Rotation
38:06 Conscription
37:53 Burgundian Vineyards
40:58 Gold Shaft Mining
41:01 Stone Shaft Mining
40:49 Masonry
41:35 Pikeman
42:15 Squires
43:29 Halberdier
45:23 Scale Mail Armor
45:34 Forging
45:44 Chain Barding Armor
45:20 Bodkin Arrow
45:25 Padded Archer Armor
50:27 Iron Casting
53:53 Chain Mail Armor
54:38 Blast Furnace
56:13 Caravan
56:17 Light Cavalry
Gamer
10:24 Feudal Age
12:23 Horse Collar
13:26 Loom
16:53 Castle Age
16:29 Double-Bit Axe
18:15 Bow Saw
24:14 Crossbowman
25:36 Heavy Plow
26:18 Wheelbarrow
27:39 Stone Mining
27:40 Gold Mining
31:01 Hand Cart
33:16 Imperial Age
31:06 Hand Cart
31:18 Fletching
31:28 Padded Archer Armor
33:02 Hand Cart
33:04 Leather Archer Armor
32:45 Bodkin Arrow
33:04 Thumb Ring
33:33 Treadmill Crane
35:05 Chemistry
35:20 Conscription
35:11 Pirotechnia
34:34 Arbalester
37:09 Elite Skirmisher
39:21 Elite Genoese Crossbowman
40:13 Town Watch
40:40 Forging
40:32 Bracer
40:44 Pikeman
42:13 Squires
42:44 Onager
55:28 Coinage
55:20 Ballistics
56:11 Forging
56:01 Scale Mail Armor
Mryo's fans
10:36 Feudal Age
11:47 Double-Bit Axe
18:42 Castle Age
16:57 Gold Mining
18:32 Fletching
20:07 Bow Saw
22:44 Padded Archer Armor
23:16 Bodkin Arrow
26:01 Stone Mining
27:19 Leather Archer Armor
28:35 Horse Collar
34:08 Imperial Age
35:56 Chemistry
35:49 Bracer
37:09 Loom
38:29 Ring Archer Armor
39:10 Ballistics
39:26 Elite Longship
53:38 Caravan
57:01 Conscription
zack
11:57 Feudal Age
12:24 Double-Bit Axe
19:47 Castle Age
20:56 Medium Warships
22:35 Fletching
24:26 Bow Saw
25:22 Bodkin Arrow
27:26 Horse Collar
31:56 Imperial Age
31:27 Wheelbarrow
31:44 Treadmill Crane
34:48 Two-Man Saw
34:01 Bracer
37:12 Chemistry
36:25 Heavy Plow
36:27 Padded Archer Armor
36:33 Scale Barding Armor
36:39 Forging
36:17 Loom
36:48 Hand Cart
38:56 Heavy Warships
39:17 Leather Archer Armor
45:07 Ballistics
46:52 Demolition Ship
49:11 Fortified Wall
49:46 Greek Fire
56:04 Chain Barding Armor
Longlonglong
12:26 Feudal Age
16:09 Castle Age
15:00 Double-Bit Axe
15:40 Horse Collar
32:40 Imperial Age
30:48 Wheelbarrow
31:31 Husbandry
31:42 Bloodlines
32:18 Scale Barding Armor
32:23 Forging
32:22 Cavalier
34:26 Chain Barding Armor
34:41 Iron Casting
34:35 Conscription
34:40 Hand Cart
37:29 Plate Barding Armor
37:34 Savar
49:59 Light Cavalry
52:12 Caravan
52:26 Guilds
53:00 Hussar
Schikaria089
11:09 Feudal Age
11:45 Double-Bit Axe
12:38 Wheelbarrow
12:19 Fishing Lines
21:10 Castle Age
19:32 Gold Mining
22:18 Hand Cart
22:41 Medium Warships
22:35 Demolition Ship
31:52 Imperial Age
34:11 Ballistics
33:46 Murder Holes
34:05 Fortified Wall
33:48 Cavalier
34:29 Husbandry
34:35 Chivalry
34:56 Conscription
36:21 Scale Barding Armor
36:27 Forging
40:38 Chain Barding Armor
40:55 Iron Casting
40:01 Heavy Demolition Ship
42:21 Paladin
49:39 Caravan
52:07 Elite Skirmisher
54:19 Padded Archer Armor
54:10 Fletching
54:56 Iron Casting
54:57 Plate Barding Armor
55:58 Light Cavalry
57:22 Leather Archer Armor
57:03 Bodkin Arrow
58:09 Blast Furnace
61:31 Spies/Treason
scurhun
4:15 Loom
11:35 Feudal Age
12:38 Double-Bit Axe
12:36 Horse Collar
19:00 Castle Age
17:54 Stone Mining
21:20 Bow Saw
22:13 Gold Mining
22:32 Fletching
23:46 Heavy Plow
24:45 Wheelbarrow
26:53 Hand Cart
27:18 Bodkin Arrow
28:27 Ballistics
31:59 Imperial Age
29:18 Town Watch
30:16 Squires
30:18 Padded Archer Armor
30:17 Murder Holes
31:21 Leather Archer Armor
32:25 Gold Shaft Mining
32:03 Masonry
32:10 Scale Mail Armor
32:45 Bracer
33:54 Chemistry
32:33 Elite Skirmisher
34:43 Ring Archer Armor
34:00 Elite Composite Bowman
35:24 Conscription
34:56 Pikeman
36:12 Man-at-Arms
37:18 Chain Mail Armor
37:54 Long Swordsman
38:20 Gambesons
38:20 Arson
38:43 Fereters
39:02 Two-Handed Swordsman
40:22 Forging
40:18 Champion
41:45 Iron Casting
42:59 Hoardings
42:47 Bombard Tower
42:14 Halberdier
43:54 Plate Mail Armor
45:20 Blast Furnace
56:56 Town Patrol
57:04 Scale Barding Armor
57:11 Fortified Wall
58:19 Chain Barding Armor
62:19 Demolition Ship
63:08 Cilician Fleet
Connection lost

Rejoining the realm…

Still unreachable

The connection could not be restored.

Session expired

The server has moved on; the page needs a fresh start.